 Dungeon Crawl Stone Soup version 0.29-a0-541-gaf1fc19f1b (webtiles) character file.

Game seed: 1715896423015751733

2339 grumblor the Chopper (level 9, -9/68 HPs)
             Began as a Mummy Fighter on June 3, 2022.
             Mangled by a wight
             ... wielding a +4 great sword
              (12 damage)
             ... on level 5 of the Dungeon.
             The game lasted 00:13:03 (5846 turns).

grumblor the Chopper (Mummy Fighter)                Turns: 5846, Time: 00:13:03

Health: -9/68      AC: 25    Str: 23    XL:     9   Next: 19%
Magic:  18/18      EV:  8    Int:  5    God:
Gold:   215        SH: 10    Dex: 11    Spells: 8/8 levels left

rFire   + + +      SeeInvis .   d - +2 hand axe of Ragnarok {protect, *Rage rElec rF+++ Int-3}
rCold   + + +      Faith    .   l - +2 shield of Resistance {rF++ rC++ Will++}
rNeg    + + +      Spirit   .   c - +0 pearl dragon scales
rPois   ∞          Reflect  .   (no helmet)
rElec   +          Harm     .   g - +0 cloak
rCorr   .          Rampage  .   (no gloves)
Will    +++..                   b - +0 pair of boots
Stlth   ..........              (no amulet)
HPRegen 0.21/turn               j - +4 ring of protection
MPRegen 0.16/turn               k - ring of magical power

@: under a protective aura
A: cold resistance 1, negative energy resistance 3, torment resistance 2, heat
vulnerability 1, in touch with death 1, no potions
a: no special abilities


You were on level 5 of the Dungeon.
You visited 1 branch of the dungeon, and saw 6 of its levels.

You collected 1123 gold pieces.
You spent 908 gold pieces at shops.

Inventory:

Hand Weapons
 a - a +0 war axe
 d - the +2 hand axe of Ragnarok (weapon) {protect, *Rage rElec rF+++ Int-3}
   (You found it on level 4 of the Dungeon)

   It grants its wielder temporary protection when it strikes (+7 to AC).
   Int:       It affects your intelligence (-3).
   rF:        It renders you almost immune to fire.
   rElec:     It insulates you from electricity.
   *Rage:     It berserks you when you make melee attacks (+20% chance).
Missiles
 i - 2 poisoned darts (quivered)
Armour
 b - a +0 pair of boots (worn)
 c - +0 pearl dragon scales (worn)
 g - a +0 cloak (worn)
 l - the +2 shield of Resistance (worn) {rF++ rC++ Will++}
   (You bought it in a shop on level 2 of the Dungeon)

   rF:        It greatly protects you from fire.
   rC:        It greatly protects you from cold.
   Will:      It greatly increases your willpower.
Jewellery
 j - a +4 ring of protection (left hand)
 k - a ring of magical power (right hand)
Wands
 h - a wand of flame (11)
 m - a wand of acid (9)
Scrolls
 e - a scroll of magic mapping
 f - 2 scrolls of enchant weapon
 n - a scroll of fog
 o - a scroll of torment
 p - a scroll of identify
 q - a scroll of teleportation
 r - a scroll of poison


   Skills:
 * Level 5.5 Fighting
 * Level 7.3 Axes
 - Level 2.0 Throwing
 + Level 3.8 Armour
 - Level 2.0 Dodging
 + Level 3.8 Shields
 * Level 3.1 Evocations


You had 8 spell levels left.
You didn't know any spells.
Your spell library contained the following spells:

 Spells                   Type           Power      Damage    Failure   Level
 Sandblast                Erth           0%         2d4       99%         1
 Ensorcelled Hibernation  Hex/Ice        0%         N/A       100%        2
 Passwall                 Tmut/Erth      0%         N/A       100%        2
 Ozocubu's Armour         Ice            0%         N/A       100%        3
 Stone Arrow              Conj/Erth      0%         3d7       100%        3
 Anguish                  Hex/Necr       0%         N/A       100%        4
 Metabolic Englaciation   Hex/Ice        0%         N/A       100%        5
 Simulacrum               Ice/Necr       0%         N/A       100%        6
 Spider Form              Tmut/Pois      Unusable   N/A       N/A         3

Dungeon Overview and Level Annotations

Branches:
Dungeon (6/15)
 Temple: D:4-7

Altars:
Cheibriados
Dithmenos
Fedhas
Nemelex Xobeh
Wu Jian

Shops:
D:2 [


Innate Abilities, Weirdness & Mutations

You are immune to poison.
Your flesh is cold resistant. (rC+)
You are immune to negative energy. (rN+++)
You are immune to unholy pain and torment.
You are vulnerable to heat. (rF-)
You are in touch with the powers of death.
You do not drink.


Message History

* * * LOW HITPOINT WARNING * * *
The necrophage completely misses you.
You hit the wight but do no damage.
The wight is heavily damaged.
You hit the necrophage but do no damage.
You barely miss the wight. You block the wight's attack. x2
The necrophage barely misses you.
Unknown command.
You barely miss the wight.
The wight is heavily damaged.
You hit the wight.
You destroy the wight!
You hit the necrophage. You block the wight's attack.
The necrophage barely misses you.
Unknown command.
You hit the wight.
The wight is almost destroyed.
You barely miss the necrophage.
The wight hits you with a +4 great sword!
* * * LOW HITPOINT WARNING * * *
You block the necrophage's attack.
Unknown command.
You barely miss the wight.
The wight is almost destroyed.
You hit the necrophage.
You destroy the necrophage!
You block the wight's attack.
You closely miss the wight.
The wight is almost destroyed.
The wight barely misses you.
You closely miss the wight.
The wight is almost destroyed.
The wight closely misses you.
You barely miss the wight.
The wight is almost destroyed.
You block the wight's attack.
You hit the wight but do no damage.
The wight is severely damaged.
The wight hits you with a +4 great sword!
You die...

### ### #.## ######.#
#.#####.# #######.!....#
#.......# #........###.#
#.######## #.#####..# #.#
#.# #...# #.# #..# #.# #.#
#...# #.# ###..###.### #.#
#...# #.#
#....)[....###.####...# #.#
#.....@................ #.#
#....)†z.....#.####...# #.#
#..........#.#.# ##### #.#
###..#'#####.#.# #
#.#####..#.# #.#.# #
#.....#..#!#####.#.########
#####.#..#......!#.........
#.#######...########### #.#
#................


You could see a wight.

Vanquished Creatures
  4 yaks (D:5)
  Menkaure (D:5)
  A water moccasin (D:5)
  A black bear (D:6)
  An ice beast (D:5)
  2 ogres (D:5)
  A phantom (D:5)
  2 necrophages
  4 scorpions
  3 wights (D:5)
  4 hounds
  2 gnoll shamans
  A jelly (D:5)
  Ijyb (D:3)
  5 iguanas
  9 gnolls
  6 adders
  A white imp (D:5)
  A worm (D:3)
  6 dart slugs
  7 orcs
  7 ball pythons
  9 endoplasms
  5 giant cockroaches
  9 goblins
  9 hobgoblins
  6 jackals (D:1)
  3 quokkas
  3 bats
  2 frilled lizards
  6 kobolds
  4 rats
126 creatures vanquished.

Notes
Turn   | Place    | Note
-------+----------+-------------------------------------------
     0 | D:1      | grumblor the Mummy Fighter began the quest for the Orb.
     0 | D:1      | Reached XP level 1. HP: 18/18 MP: 1/1
   218 | D:1      | Reached XP level 2. HP: 20/24 MP: 2/2
   319 | D:1      | Reached skill level 2 in Axes
   434 | D:1      | Gained mutation: You are in touch with the powers of death.
                  | [Mummy growth]
   434 | D:1      | Reached XP level 3. HP: 30/30 MP: 3/3
  1305 | D:2      | Reached XP level 4. HP: 37/37 MP: 4/4
  1394 | D:2      | Found Xyumn's Armour Shop.
  1518 | D:2      | Found a faded altar of an unknown god.
  1652 | D:2      | Reached skill level 3 in Axes
  1818 | D:3      | Noticed Ijyb
  1832 | D:3      | Killed Ijyb
  1850 | D:3      | Reached skill level 1 in Throwing
  1984 | D:3      | Reached XP level 5. HP: 40/42 MP: 5/5
  2075 | D:3      | Identified a scroll of acquirement
  2075 | D:3      | Acquired 816 gold pieces
  2113 | D:2      | Bought the +2 shield of Resistance {rF++ rC++ Will++} for
                  | 908 gold pieces
  2113 | D:2      | Found the +2 shield of Resistance {rF++ rC++ Will++}
  2650 | D:4      | Reached skill level 4 in Axes
  2774 | D:3      | Reached XP level 6. HP: 28/48 MP: 6/6
  3104 | D:4      | Reached skill level 1 in Evocations
  3319 | D:4      | Reached skill level 1 in Dodging
  3525 | D:4      | Identified the +2 hand axe of Ragnarok {protect, *Rage
                  | rElec rF+++ Int-3}
  3552 | D:4      | Reached XP level 7. HP: 43/54 MP: 7/7
  3657 | D:5      | Entered Level 5 of the Dungeon
  3827 | D:5      | HP: 2/55 [ogre/+0 giant club (12)]
  3829 | D:5      | Reached skill level 5 in Axes
  4338 | D:5      | Noticed a yak
  4338 | D:5      | Noticed a yak
  4338 | D:5      | Noticed a yak
  4338 | D:5      | Noticed a yak
  4362 | D:5      | Killed a yak
  4380 | D:5      | Killed a yak
  4381 | D:5      | Reached XP level 8. HP: 54/61 MP: 8/8
  4410 | D:5      | Reached skill level 5 in Fighting
  4410 | D:5      | Reached skill level 6 in Axes
  4495 | D:5      | Found a blossoming altar of Fedhas.
  4959 | D:5      | Found a snail-covered altar of Cheibriados.
  5025 | D:5      | Noticed Menkaure
  5041 | D:5      | Killed Menkaure
  5346 | D:5      | Reached XP level 9. HP: 64/68 MP: 9/9
  5378 | D:5      | Found a sparkling altar of Nemelex Xobeh.
  5453 | D:5      | Found a shadowy altar of Dithmenos.
  5455 | D:5      | Found an ornate altar of the Wu Jian Council.
  5484 | D:6      | Reached skill level 7 in Axes
  5841 | D:5      | HP: 2/68 [wight/+4 great sword (9)]
  5846 | D:5      | Mangled by a wight

Illustrated notes

Levels and vault maps discovered:
D:1:      dpeg_arrival_round_c, layout_loops_ring
D:2:      layout_loops_ring, chequers_ecumenical_altar_grove, serial_shops,
          shop_statue, minmay_close_crescents
D:3:      layout_rooms, st_stairs_12, minmay_misc_feat_iff, solitary_fountain,
          uniq_ijyb
D:4:      layout_basic, chequers_serial_rivers_micro_b
D:5:      kennysheep_six_static_rooms, layout_basic, general_overflow_altar,
          lemuel_doored_altar, nicolae_overflow_hidden_temple,
          nemelex_altar_shiori, skrybe_limestone_x, uniq_menkaure
D:6:      layout_loops_ring, okawaru_ov_weapons_minmay, serial_bayou_ford_a,
          wad_floor_pattern_1, minmay_fractal_squares_gapless_5,
          uniq_crazy_yiuf_cottage

Skill      XL: |  1  2  3  4  5  6  7  8  9 |
---------------+----------------------------+-----
Axes           | 2 3 4 5 6 7 |  7.3
Throwing       | 1 2 |  2.0
Fighting       | 4 5 |  5.5
Evocations     | 1 2 3 |  3.1
Dodging        | 1 2 |  2.0
Armour         | 3 |  3.8
Shields        | 3 |  3.8

Action                   |  1- 3 |  4- 6 |  7- 9 || total
-------------------------+-------+-------+-------++-------
Melee: War axe           |   123 |   170 |       ||   293
       Hand axe          |       |    13 |   224 ||   237
Throw: Dart              |       |    10 |     4 ||    14
Evoke: Wand              |       |     5 |     2 ||     7
  Use: Scroll            |     4 |     4 |     2 ||    10
Armor: Chain mail        |    81 |    54 |       ||   135
       Scale mail        |     1 |       |       ||     1
       Pearl dragon scal |       |    56 |   125 ||   181
Dodge: Dodged            |    50 |    65 |    76 ||   191
Block: Buckler           |    26 |    16 |       ||    42
       Kite shield       |       |    71 |   146 ||   217

Table legend: (Time is in decaauts)
 A = Elapsed time spent in this place.
 B = Non-inter-level travel time spent in this place.
 C = Inter-level travel time spent in this place.
 D = Time resting spent in this place.
 E = Time spent auto-exploring this place.
 F = Levels seen in this place.
 G = Mean time per level.
                   A        B        C        D        E       F      G
               +--------+--------+--------+--------+--------+-----+--------+
         Total |   6021 |   5890 |    131 |   1086 |   3552 |   6 | 1003.5 |
       Dungeon |   6021 |   5890 |    131 |   1086 |   3552 |   6 | 1003.5 |
               +--------+--------+--------+--------+--------+-----+--------+

Top non-repeatable levels by time:
     D:5: 2190 daAuts
     D:1: 1133 daAuts
     D:4: 1008 daAuts
     D:3: 866 daAuts
     D:2: 782 daAuts
     D:6: 40 daAuts
